 Dungeon Crawl Stone Soup version 0.18.1-8-gdd0e5ea (webtiles) character file.

13995 matakusis the Unseen (level 11, -1/68 HPs)
             Began as a Vampire Enchanter on June 12, 2016.
             Was the Champion of Makhleb.
             Impaled on a porcupine's spines (13 damage)
             ... on level 1 of the Lair of Beasts.
             The game lasted 01:06:19 (14195 turns).

matakusis the Unseen (Vampire Enchanter)           Turns: 14195, Time: 01:06:19

Health: -1/68      AC:  7    Str:  7    XL:     11   Next: 82%
Magic:  5/23       EV: 17    Int: 17    God:    Makhleb [******]
Gold:   36         SH:  0    Dex: 19    Spells: 4 memorised, 16 levels left

rFire  . . .     SeeInvis +     q - +0 dagger (freeze)
rCold  . . .     Gourm    .     b - +2 robe
rNeg   + . .     Faith    +     (no shield)
rPois  .         Spirit   .     t - +0 helmet
rElec  .         Dismiss  .     (no cloak)
rCorr  .         Reflect  .     (no gloves)
SustAt .         Harm     .     (no boots)
MR     +....                    e - amulet of faith
Stlth  +++++++++.               (no ring)
                                (no ring)

@: somewhat resistant to hostile enchantments, incredibly stealthy
A: fangs 3, yellow scales 1, see invisible, unbreathing
a: Bat Form, Minor Destruction, Lesser Servant of Makhleb, Major Destruction,
Greater Servant of Makhleb, Renounce Religion


You were on level 1 of the Lair of Beasts.
You worshipped Makhleb.
Makhleb was exalted by your worship.
You were not thirsty.

You visited 3 branches of the dungeon, and saw 13 of its levels.

You collected 697 gold pieces.
You spent 661 gold pieces at shops.

Inventory:

Hand Weapons
 q - a +0 dagger of freezing (weapon)
 w - the +7 hunting sling of Greed {velocity, rF+ rN+ Int-4}
   (You acquired it on level 6 of the Dungeon)

   Any stone fired from it inflicts extra damage.
   It affects your intelligence (-4).
   It protects you from fire.
   It protects you from negative energy.
Missiles
 k - 283 stones (quivered)
 z - 68 sling bullets
Armour
 b - a +2 robe (worn)
 t - a +0 helmet (worn)
Rods
 C - a +0 iron rod (9/9)
   (You found it on level 9 of the Dungeon)
Jewellery
 e - an amulet of faith (around neck)
 l - an uncursed ring of fire
 G - an uncursed amulet of dismissal
 H - an uncursed ring of wizardry {unknown}
Wands
 a - a wand of acid (5/15)
 B - a wand of flame (21/48)
 D - a wand of hasting (5/9)
 F - a wand of flame (36/48)
Scrolls
 d - a scroll of recharging
 f - a scroll of teleportation
 g - 4 scrolls of identify
 j - 3 scrolls of enchant armour
 v - a scroll of fog
 x - 5 scrolls of remove curse
 y - a scroll of amnesia
 E - 2 scrolls of blinking
Potions
 h - 3 potions of lignification
 i - 5 potions of flight
 m - 2 potions of curing
 n - a potion of heal wounds
 o - a potion of brilliance
 r - a potion of resistance
 s - 19 potions of blood
 u - 3 potions of might
 A - a potion of cure mutation
Books
 c - a book of Maledictions

   Spells                             Type                      Level
   a - Corona                         Hexes                        1
   b - Ensorcelled Hibernation        Hexes/Ice                    2
   c - Confuse                        Hexes                        3
   d - Tukima's Dance                 Hexes                        3
   e - Dazzling Spray                 Conjuration/Hexes            3
 p - a book of Clouds

   Spells                             Type                      Level
   a - Mephitic Cloud                 Conjuration/Poison/Air       3
   b - Conjure Flame                  Conjuration/Fire             3
   c - Poisonous Cloud                Conjuration/Poison/Air       6
   d - Freezing Cloud                 Conjuration/Ice/Air          6
   e - Ring of Flames                 Charms/Fire                  7


   Skills:
 + Level 4.0 Short Blades
 + Level 6.4 Dodging
 * Level 19.5 Stealth
 + Level 8.3 Spellcasting
 + Level 12.0 Hexes


You had 16 spell levels left.
You knew the following spells:

 Your Spells              Type           Power        Failure   Level  Hunger
a - Corona                Hex            #####..      1%          1    None
b - Confuse               Hex            #####...     1%          3    #......
c - Tukima's Dance        Hex            #####...     1%          3    #......
d - Dazzling Spray        Conj/Hex       ####....     2%          3    #......


Dungeon Overview and Level Annotations

Branches:
Dungeon (11/15)            Temple (1/1) D:4            Lair (1/8) D:11
    Orc: D:9-12

Altars:
Ashenzari
Cheibriados
Dithmenos
Elyvilon
Fedhas
Gozag
Kikubaaqudgha
Makhleb
Nemelex Xobeh
Okawaru
Pakellas
Qazlal
Ru
Sif Muna
Trog
Vehumet
Xom
Yredelemnul
Zin
The Shining One

Shops:
D:8 **(}   D:10 *   D:11 *

Annotations:
D:5 exclusion: oklob plant


Innate Abilities, Weirdness & Mutations

You have razor-sharp teeth.
You have supernaturally acute eyesight.
You can survive without breathing.
You are partially covered in yellow scales (AC +2).


Message History

Casting: Confuse
Confirm with . or Enter, or press ? or * to list all spells.
Aiming: Confuse
Press: ? - help, Shift-Dir - straight line, f/p - blink frog
Aim: a blink frog (chance to defeat MR: 53%)
The blink frog appears confused.
You catch the helpless blink frog completely off-guard!
You skewer the blink frog like a kebab!!!
The blink frog seems to slow down.
You freeze the blink frog!
You kill the blink frog!
Makhleb accepts your kill.
Your Hexes skill increases to level 12!
The porcupine bites the blink frog.
You are struck by the porcupine's spines.
* * * LOW HITPOINT WARNING * * *
You hit the porcupine. You freeze the porcupine.
Your bite misses the porcupine.
The porcupine is moderately wounded.
You are struck by the porcupine's spines.
You die...

......... #........
......... ......... ..# ...#
P.........#.# ...#
#PP#.##..+#.####### .....
............##.##.#####.....
...............r............
................@......!....
................F...........
............................
............F.###...##......
###.+###.....#..............
#....................#....#.
#.......#............# .....
#....................# ....
#.......#....#.......# .P.


You could see 2 blink frogs and a porcupine (confused).

Vanquished Creatures
  Snorg (D:10)
  Erolcha (D:11)
  An unseen horror (D:6)
  The ghost of Stormphoenix the Basher, a novice TrFi of Okawaru (D:7)
  4 hill giants
  2 manticores (D:11)
  A centaur zombie (D:10)
  2 cyclopes (D:11)
  A spiny frog (Lair:1)
  Grinder (D:5)
  A blink frog (Lair:1)
  A wraith (D:11)
  2 yaks (Lair:1)
  3 hippogriffs
  A basilisk (Lair:1)
  Menkaure (D:4)
  A hungry ghost (D:11)
  2 vampire mosquitoes (D:11)
  Edmund (D:4)
  2 water moccasins
  2 orc warriors
  A black bear (D:6)
  A necrophage (D:9)
  4 ice beasts
  2 sky beasts
  2 phantoms
  An eye of draining (D:10)
  2 ogres (D:8)
  9 centaurs
  2 big kobolds
  7 giant frogs
  2 gnoll sergeants (D:9)
  A wyvern skeleton (D:11)
  3 scorpions
  2 water moccasin skeletons
  10 killer bees
  5 wights (D:6)
  A howler monkey (D:8)
  3 crimson imps
  2 giant frog zombies
  12 hounds
  3 jellies
  4 giant frog skeletons
  A gnoll shaman (D:8)
  3 iguanas
  3 orc priests
  6 orc wizards
  2 centaur skeletons
  10 worker ants
  A hound skeleton (D:11)
  A howler monkey zombie (D:5)
  22 gnolls
  6 adders
  10 river rats (Lair:1)
  3 shadow imps
  2 adder skeletons
  4 worms
  A dart slug (D:2)
  3 giant geckos
  31 orcs
  A ball python (D:3)
  5 bats
  5 giant cockroaches
  4 goblins
  4 hobgoblins
  10 jackals
  6 quokkas
  A giant gecko skeleton (D:4)
  6 giant newts
  A jackal zombie (D:7)
  14 kobolds
  A quokka zombie (D:5)
  3 rats
281 creatures vanquished.

Vanquished Creatures (collateral kills)
  A vampire mosquito (D:11)
  An ogre (D:11)
  A killer bee (D:8)
  2 gnolls
  An adder (D:11)
  An orc (D:11)
7 creatures vanquished.

Vanquished Creatures (others)
  A dancing weapon (D:4)
  2 fungi (Lair:1)
3 creatures vanquished.

Grand Total: 291 creatures vanquished

Notes
Turn   | Place    | Note
--------------------------------------------------------------
     0 | D:1      | matakusis the Vampire Enchanter began the quest for the Orb.
     0 | D:1      | Reached XP level 1. HP: 13/13 MP: 3/3
   712 | D:1      | Reached XP level 2. HP: 19/19 MP: 3/5
   838 | D:1      | Reached skill level 5 in Stealth
  1657 | D:2      | Found a burning altar of Makhleb.
  1657 | D:2      | Noticed a green death
  1660 | D:2      | Noticed a hellwing
  1660 | D:2      | Noticed a ynoxinul
  1662 | D:2      | Became a worshipper of Makhleb the Destroyer
  1685 | D:2      | Found a shattered altar of Ashenzari.
  1728 | D:2      | Reached XP level 3. HP: 24/24 MP: 4/6
  1742 | D:2      | Learned a level 3 spell: Confuse
  1811 | D:2      | Reached skill level 5 in Hexes
  1834 | D:2      | Found an iron altar of Okawaru.
  1837 | D:2      | Found a deep blue altar of Sif Muna.
  1840 | D:2      | Found a radiant altar of Vehumet.
  1843 | D:2      | Found a bloodstained altar of Trog.
  2323 | D:3      | Found a shadowy altar of Dithmenos.
  2658 | D:3      | Reached * piety under Makhleb
  3015 | D:3      | Reached skill level 6 in Stealth
  3015 | D:3      | Reached XP level 4. HP: 29/30 MP: 4/7
  3501 | D:4      | Found a staircase to the Ecumenical Temple.
  3654 | D:4      | Reached XP level 5. HP: 11/35 MP: 1/8
  3933 | D:4      | Learned a level 3 spell: Tukima's Dance
  4140 | D:4      | Reached skill level 7 in Stealth
  5155 | D:4      | Reached XP level 6. HP: 41/41 MP: 6/10
  5263 | D:4      | Noticed Edmund
  5286 | D:4      | Killed Edmund
  5415 | D:4      | Reached skill level 8 in Stealth
  5548 | Temple   | Entered the Ecumenical Temple
  5610 | D:4      | Found a glowing golden altar of the Shining One.
  5837 | D:4      | Noticed Menkaure
  5848 | D:4      | Killed Menkaure
  5848 | D:4      | Reached XP level 7. HP: 26/46 MP: 9/12
  5985 | D:4      | Found a basalt altar of Yredelemnul.
  6121 | D:5      | Entered Level 5 of the Dungeon
  6299 | D:5      | Reached ** piety under Makhleb
  6320 | D:5      | Noticed Grinder
  6323 | D:5      | Killed Grinder
  6323 | D:5      | Reached skill level 9 in Stealth
  6455 | D:5      | Reached skill level 10 in Stealth
  6482 | D:5      | Reached XP level 8. HP: 52/52 MP: 14/14
  6786 | D:5      | Found a blossoming altar of Fedhas.
  6799 | D:5      | Noticed an oklob plant
  7266 | D:6      | Reached skill level 11 in Stealth
  7318 | D:6      | Found an oddly glowing altar of Pakellas.
  7455 | D:6      | Reached skill level 5 in Dodging
  7561 | D:6      | Found a sacrificial altar of Ru.
  7586 | D:6      | Reached skill level 12 in Stealth
  7666 | D:6      | Reached *** piety under Makhleb
  7815 | D:6      | Found a glowing silver altar of Zin.
  8034 | D:6      | Noticed an unseen horror
  8064 | D:6      | Killed an unseen horror
  8064 | D:6      | Reached skill level 13 in Stealth
  8064 | D:6      | Reached skill level 5 in Spellcasting
  8064 | D:6      | Reached XP level 9. HP: 44/57 MP: 16/16
  8187 | D:6      | Found an ancient bone altar of Kikubaaqudgha.
  8342 | D:6      | Identified a scroll of acquirement
  8345 | D:6      | Got an ichor-stained hunting sling
  8346 | D:6      | Identified the +7 hunting sling of Greed {velocity, rF+ rN+ Int-4} (You acquired it on level 6 of the Dungeon)
  8542 | D:7      | Noticed Stormphoenix's ghost (novice TrFi)
  8559 | D:7      | Killed Stormphoenix's ghost
  8559 | D:7      | Reached skill level 14 in Stealth
  8779 | D:7      | Reached **** piety under Makhleb
  9230 | D:7      | Reached skill level 15 in Stealth
  9241 | D:7      | Learned a level 3 spell: Dazzling Spray
  9495 | D:8      | Reached XP level 10. HP: 63/63 MP: 18/18
  9592 | D:8      | Found Uxza Iro's Gadget Boutique.
  9845 | D:8      | Reached ***** piety under Makhleb
  9859 | D:8      | Reached skill level 16 in Stealth
 10057 | D:8      | Found Ceaxkais's Antique Weapon Shop.
 10063 | D:8      | Bought a runed short sword for 66 gold pieces
 10168 | D:8      | Found Ciugeil's General Store.
 10410 | D:8      | Found Ateoc's Assorted Antiques.
 11821 | D:10     | Entered Level 10 of the Dungeon
 11821 | D:10     | Noticed a hill giant
 11838 | D:10     | Killed a hill giant
 11838 | D:10     | Reached skill level 10 in Hexes
 11910 | D:10     | Noticed a hill giant
 11917 | D:10     | Killed a hill giant
 11917 | D:10     | Reached skill level 17 in Stealth
 11965 | D:10     | Found Hibydoq's Demolitions Depot.
 12262 | D:10     | Noticed Snorg
 12292 | D:10     | Killed Snorg
 12292 | D:10     | Reached skill level 18 in Stealth
 12292 | D:10     | Reached XP level 11. HP: 68/68 MP: 5/22
 12519 | D:11     | Noticed a hill giant
 12530 | D:11     | Killed a hill giant
 12630 | D:11     | Found Irghait's General Store.
 12638 | D:11     | Noticed Erolcha
 12945 | D:11     | Killed Erolcha
 13159 | D:11     | Found a staircase to the Lair.
 13236 | D:11     | Reached skill level 19 in Stealth
 13447 | D:11     | Noticed a hill giant
 13469 | D:11     | Killed a hill giant
 13548 | D:11     | Reached ****** piety under Makhleb
 13673 | D:11     | Bought a potion of beneficial mutation for 595 gold pieces
 13674 | D:11     | Gained mutation: You are partially covered in yellow scales (AC +2). [potion of beneficial mutation]
 13688 | Lair:1   | Entered Level 1 of the Lair of Beasts
 14185 | Lair:1   | HP: 3/68 [blink frog (13)]
 14195 | Lair:1   | Impaled on a porcupine's spines

Skill      XL: |  1  2  3  4  5  6  7  8  9 10 11 |
---------------+----------------------------------+-----
Stealth        | 5 6 7 8 10 13 15 18 19 | 19.5
Hexes          | 5 6 7 8 9 10 12 | 12.0
Dodging        | 3 4 5 6 |  6.4
Short Blades   | 2 3 4 |  4.0
Spellcasting   | 3 4 5 7 8 |  8.3

Action                   |  1- 3 |  4- 6 |  7- 9 | 10-12 || total
-------------------------+-------+-------+-------+-------++-------
Melee: Dagger            |   134 |   283 |   357 |   408 ||  1182
       Bite              |    10 |    34 |    33 |    43 ||   120
 Cast: Corona            |    25 |       |       |       ||    25
       Confuse           |    10 |    32 |    62 |   108 ||   212
       Tukima's Dance    |       |     5 |     1 |     6 ||    12
       Dazzling Spray    |       |       |       |     7 ||     7
  Use: Scroll            |    10 |     1 |     7 |     8 ||    26
       Potion            |     6 |    13 |     2 |     8 ||    29
 Stab: Sleeping          |    14 |     3 |    32 |    41 ||    90
       Confused          |     3 |    18 |    41 |    57 ||   119
       Distracted        |       |     1 |       |       ||     1
       Invisible         |       |       |       |     4 ||     4
Armor: Robe              |    21 |    28 |    30 |    24 ||   103
Dodge: Dodged            |    78 |   100 |   122 |   227 ||   527
